 Dungeon Crawl Stone Soup version 0.22-a0-542-gce4f928 (webtiles) character file.

48357 Gildeon the Severer (level 14, -1/121 HPs)
             Began as a Minotaur Fighter on June 24, 2018.
             Was a High Priest of Trog.
             Slain by a polar bear (11 damage)
             ... on level 6 of the Lair of Beasts.
             The game lasted 02:06:27 (18081 turns).

Gildeon the Severer (Minotaur Fighter)             Turns: 18081, Time: 02:06:27

Health: -1/121     AC: 22    Str: 22    XL:     14   Next: 12%
Magic:  17/17      EV: 11    Int:  6    God:    Trog [*****.]
Gold:   1003       SH:  5    Dex: 13    Spells: 13/13 levels left

rFire    . . .     SeeInvis .   a - +6 war axe
rCold    . . .     Gourm    .   (no shield)
rNeg     . . .     Faith    .   v - +0 plate armour
rPois    .         Spirit   .   (helmet restricted)
rElec    .         Reflect  +   (no cloak)
rCorr    .         Harm     .   (no gloves)
MR       +....                  k - +2 pair of boots
Stlth    ..........             h - +5 amulet of reflection
HPRegen  0.30/turn              z - +5 ring of protection
MPRegen  0.15/turn              g - +3 ring of slaying

@: no status effects
A: retaliatory headbutt, horns 2
a: Berserk, Trog's Hand, Brothers in Arms, Renounce Religion


You were on level 6 of the Lair of Beasts.
You worshipped Trog.
Trog was extremely pleased with you.
You were not hungry.

You visited 3 branches of the dungeon, and saw 16 of its levels.
You also visited: Sewer.

You collected 1003 gold pieces.

Inventory:

Hand Weapons
 a - a +6 war axe (weapon)
 b - a +2 shortbow of velocity
 c - a +0 morningstar
Missiles
 d - 315 arrows
Armour
 k - a +2 pair of boots (worn)
 v - a +0 plate armour (worn)
Jewellery
 g - a +3 ring of slaying (right hand)
 h - a +5 amulet of reflection (around neck)
 o - an uncursed ring of protection from magic
 p - an uncursed ring of see invisible
 z - a +5 ring of protection (left hand)
Wands
 l - a wand of clouds (3)
 s - a wand of paralysis (13)
 y - a wand of iceblast (7)
 C - a wand of scattershot (8)
Scrolls
 i - a scroll of blinking
 j - 4 scrolls of fear
 n - 9 scrolls of remove curse
 q - 2 scrolls of fog
 r - 8 scrolls of teleportation
 u - 4 scrolls of identify
 B - 2 scrolls of silence
Potions
 e - 6 potions of curing
 m - a potion of invisibility
 t - a potion of flight
 w - 2 potions of agility
 x - a potion of heal wounds
 D - 2 potions of haste
Comestibles
 f - 20 rations
 A - 16 chunks of flesh


   Skills:
 - Level 10.0 Fighting
 * Level 19.3 Axes
 - Level 9.0 Bows
 - Level 10.0 Armour
 - Level 10.0 Dodging
   Level 3.6 Shields
 - Level 1.1 Unarmed Combat
 + Level 6.3 Evocations


You had 13 spell levels left.
You didn't know any spells.
Your spell library was empty.

Dungeon Overview and Level Annotations

Branches:
Dungeon (9/15)             Temple (1/1) D:7            Lair (6/6) D:9
 Shoals (0/4) Lair:4        Snake (0/4) Lair:4        Slime (0/5) Lair:6
    Orc: D:9-12

Altars:
Ashenzari
Cheibriados
Dithmenos
Elyvilon
Fedhas
Gozag
Hepliaklqana
Kikubaaqudgha
Makhleb
Nemelex Xobeh
Okawaru
Qazlal
Ru
Sif Muna
Trog
Uskayaw
Vehumet
Wu Jian
Xom
Yredelemnul
Zin
The Shining One
Jiyva

Annotations:
D:7 3 runed doors, Torious's ghost, novice DECj; iamserjio's ghost, novice VSSk
Lair:6 exclusion: oklob plant


Innate Abilities, Weirdness & Mutations

You reflexively headbutt those who attack you in melee.
You have a pair of horns on your head.


Message History

Items here: ††††††† Butcher a black bear corpse? [(y)es/(n)o/(a)ll/(q)uit/?]
You butcher the black bear corpse. x2
You butcher the wolf corpse.
You butcher the black bear corpse.
You butcher the warg corpse.
You butcher the polar bear corpse.
The polar bear bites you!
* * * LOW HITPOINT WARNING * * *
You block the polar bear's attack.
The polar bear claws you but does no damage.
Items here: %%%%%% ÷÷ † You hit the polar bear but do no damage.
The polar bear bites you!
* * * LOW HITPOINT WARNING * * *
The polar bear closely misses you.
The polar bear claws you but does no damage.
You slash the polar bear! Your headbutt misses the polar bear.
The polar bear is moderately wounded.
The polar bear bites you!
You die...

P............≈§≈..#.#.....##
...÷....###################
.P...#### P..P## ..(## ******
...#### ###### **,,,,*
..#...##########÷#..##*,,,,,*
.#...†.#.#.#.##.#...[#**,,,**
#......÷.....#†#@h..##*,,,**
###...#........#..(.....#**
####.#...#...P#....##..*
**#######..####%.##,,**
****,**,*,*#..#* ##...,**
*,*,,,,*,*.....* #....,**
,,,,,,,,,,...###**##....,*
,,,,,,,,,...## *,*,....,**
,,*,*,,,*.##* **,,,,,,*,*


You could see a polar bear.

Vanquished Creatures
  4 hydras
  2 two-headed ogres
  8 death yaks (Lair:5)
  Sonja (Lair:2)
  A lindwurm (Lair:4)
  3 black mambas
  3 merfolk sirens (Lair:4)
  23 elephants
  7 spiny frogs
  4 rime drakes
  5 komodo dragons
  A troll (D:9)
  7 polar bears
  A merfolk (Lair:4)
  11 dream sheep
  9 hippogriffs
  20 blink frogs
  Sigmund (D:3)
  Eustachio (D:6)
  3 wyverns
  A basilisk (Lair:3)
  28 yaks
  2 wargs (Lair:6)
  4 hell hounds (Lair:6)
  14 water moccasins
  9 porcupines
  A sky beast (D:8)
  14 black bears
  2 ice beasts
  2 orc warriors
  4 ogres
  3 centaurs
  2 phantoms
  10 wolves
  8 crocodiles
  11 bullfrogs
  2 big kobolds (Sewer)
  4 scorpions
  9 killer bees
  7 wights
  3 vampire bats
  2 electric eels
  5 howler monkeys
  A crimson imp (D:8)
  2 bullfrog zombies
  A hound (D:8)
  4 orc priests
  7 jellies
  6 orc wizards
  2 centaur skeletons
  3 iguanas
  Jessica (D:2)
  7 hell rats
  4 worker ants
  8 gnolls
  15 adders
  A river rat (Sewer)
  A shadow imp (D:7)
  12 oozes
  An adder zombie (D:6)
  2 adder skeletons
  7 worms
  3 dart slugs
  A leopard gecko (D:5)
  15 orcs
  11 bats
  3 giant cockroaches
  7 goblins
  8 hobgoblins
  8 jackals
  4 quokkas
  4 ball pythons
  9 frilled lizards
  7 kobolds
  11 rats
  7 fungi
  26 plants
471 creatures vanquished.

Vanquished Creatures (others)
  9 fungi
  11 plants
  A withered plant (D:7)
21 creatures vanquished.

Grand Total: 492 creatures vanquished

Notes
Turn   | Place    | Note
-------+----------+-------------------------------------------
     0 | D:1      | Gildeon the Minotaur Fighter began the quest for the Orb.
     0 | D:1      | Reached XP level 1. HP: 19/19 MP: 0/0
   129 | D:1      | Reached skill level 3 in Axes
   266 | D:1      | Reached XP level 2. HP: 26/26 MP: 1/1
   436 | D:1      | Reached skill level 4 in Axes
   483 | D:1      | Reached XP level 3. HP: 31/31 MP: 2/2
   506 | D:1      | Found a snail-covered altar of Cheibriados.
   962 | D:2      | Reached skill level 5 in Axes
  1019 | D:1      | Reached XP level 4. HP: 15/39 MP: 3/3
  1401 | D:2      | Noticed Jessica
  1405 | D:2      | Killed Jessica
  1405 | D:2      | Reached skill level 6 in Axes
  1598 | D:2      | Reached XP level 5. HP: 38/45 MP: 4/4
  1997 | D:3      | Found a shimmering altar of Xom.
  2210 | D:3      | Reached skill level 7 in Axes
  2436 | D:3      | Noticed Sigmund
  2444 | D:3      | Killed Sigmund
  2444 | D:3      | Reached skill level 8 in Axes
  2444 | D:3      | Reached XP level 6. HP: 30/51 MP: 5/5
  2885 | D:4      | Found a glowing drain.
  2896 | Sewer    | Entered a sewer
  2946 | Sewer    | Reached skill level 9 in Axes
  3030 | Sewer    | Reached XP level 7. HP: 46/57 MP: 6/6
  3679 | Sewer    | Reached skill level 10 in Axes
  4585 | D:4      | Found a sparkling altar of Nemelex Xobeh.
  4788 | D:4      | Reached skill level 11 in Axes
  4917 | D:5      | Entered Level 5 of the Dungeon
  5041 | D:5      | Reached XP level 8. HP: 64/64 MP: 7/7
  5530 | D:5      | Found a snail-covered altar of Cheibriados.
  5530 | D:5      | Found a bloodstained altar of Trog.
  5534 | D:5      | Became a worshipper of Trog the Wrathful
  6044 | D:6      | Reached skill level 1 in Dodging
  6631 | D:6      | Noticed Eustachio
  6639 | D:6      | Killed Eustachio
  6639 | D:6      | Reached skill level 12 in Axes
  6639 | D:6      | Reached skill level 1 in Bows
  6694 | D:6      | Reached * piety under Trog
  7027 | D:7      | Reached skill level 5 in Armour
  7030 | D:7      | Reached skill level 5 in Fighting
  7030 | D:7      | Reached XP level 9. HP: 47/74 MP: 8/8
  7191 | D:7      | Reached skill level 1 in Evocations
  7345 | D:7      | Found a runed gate.
  7345 | D:7      | Found a runed gate.
  7345 | D:7      | Found a runed gate.
  7345 | D:7      | Noticed iamserjio's ghost (novice VSSk)
  7351 | D:7      | Noticed Torious's ghost (novice DECj)
  7483 | D:7      | Found a staircase to the Ecumenical Temple.
  7526 | Temple   | Entered the Ecumenical Temple
  7842 | D:7      | You fall through a shaft!
  7867 | D:8      | Reached skill level 13 in Axes
  7887 | D:8      | Reached ** piety under Trog
  8213 | D:8      | Noticed a two-headed ogre
  8220 | D:8      | Killed a two-headed ogre
  8220 | D:8      | Reached skill level 5 in Dodging
  8257 | D:8      | Reached XP level 10. HP: 33/81 MP: 11/11
  8569 | D:8      | Found a glowing silver altar of Zin.
  8851 | D:8      | Found an ancient bone altar of Kikubaaqudgha.
  8854 | D:8      | Found a glowing golden altar of the Shining One.
  8857 | D:8      | Found an ornate altar of the Wu Jian Council.
  8860 | D:8      | Found a shimmering altar of Xom.
  8886 | D:8      | Reached skill level 14 in Axes
  9086 | D:8      | Found a glowing golden altar of the Shining One.
  9604 | D:9      | Reached skill level 15 in Axes
  9735 | D:9      | Found a staircase to the Lair.
  9886 | D:9      | Noticed a two-headed ogre
  9891 | D:9      | Killed a two-headed ogre
  9891 | D:9      | Reached skill level 16 in Axes
 10117 | Lair:1   | Entered Level 1 of the Lair of Beasts
 10230 | Lair:1   | Reached *** piety under Trog
 10287 | Lair:1   | Reached XP level 11. HP: 83/88 MP: 12/12
 11520 | Lair:2   | Reached skill level 1 in Unarmed Combat
 11628 | Lair:2   | Noticed Sonja
 11639 | Lair:2   | Killed Sonja
 11639 | Lair:2   | Reached **** piety under Trog
 11671 | Lair:2   | Reached skill level 5 in Bows
 11810 | Lair:2   | Noticed a four-headed hydra
 11815 | Lair:2   | Killed a four-headed hydra
 11826 | Lair:2   | Identified Yrido's Reference Book on the Blaze and Shape Shifting
 11872 | Lair:2   | Reached XP level 12. HP: 95/102 MP: 14/14
 13524 | Lair:3   | Noticed a five-headed hydra
 13543 | Lair:3   | Killed a five-headed hydra
 13543 | Lair:3   | Reached skill level 5 in Evocations
 14353 | Lair:4   | Noticed a five-headed hydra
 14359 | Lair:4   | Killed a five-headed hydra
 14359 | Lair:4   | Reached skill level 17 in Axes
 14420 | Lair:4   | Received a gift from Trog
 15100 | Lair:4   | Received a gift from Trog
 15103 | Lair:4   | Reached XP level 13. HP: 86/111 MP: 15/15
 15426 | Lair:4   | Found a staircase to the Snake Pit.
 15464 | Lair:4   | Found a staircase to the Shoals.
 15485 | Lair:4   | Reached skill level 10 in Armour
 15490 | Lair:4   | Reached skill level 10 in Fighting
 15764 | Lair:5   | Reached skill level 18 in Axes
 16271 | Lair:5   | Received a gift from Trog
 16395 | Lair:5   | Reached skill level 10 in Dodging
 16700 | Lair:5   | Reached ***** piety under Trog
 17347 | Lair:6   | Entered Level 6 of the Lair of Beasts
 17606 | Lair:6   | Found a staircase to the Slime Pits.
 17607 | Lair:6   | Found a viscous altar of Jiyva.
 17894 | Lair:6   | Reached skill level 19 in Axes
 18011 | Lair:6   | Reached XP level 14. HP: 87/121 MP: 17/17
 18081 | Lair:6   | Slain by a polar bear

Vault maps used:
D:1:      dpeg_arrival_chambers_temple_mockup, cheibriados_altar_1
D:2:      minmay_tetromino_s4, uniq_jessica
D:3:      dk_xom_monty_hall, uniq_sigmund
D:4:      first_ration, portal_sewer_entry_d, nemelex_lonely_heart_becter
D:5:      gammafunk_temple_overflow_wave, dk_noncrumbling_2,
          minmay_misc_feat_pillars
D:6:      minmay_misc_feat_nine_boxes, uniq_eustachio
D:7:      minmay_temple_entry_poolview, gammafunk_ghost_cemetery
D:8:      grunt_temple_overflow_cloverleaf, kennysheep_little_box,
          hangedman_little_slice_of_home, nicolae_tso_carved_into_rock
D:9:      grunt_lair_entry_orc_guard_hut
Temple:   regret_index_temple_generic_petals
Lair:2:   hangedman_lair_generics_rect, wad_woods_river_01,
          infiniplex_staircase_pool, uniq_sonja
Lair:3:   roderic_batcave
Lair:4:   beast_lair_carwin_large_2, elwin_shoals_entry_stream
Lair:5:   bh_chokoban
Lair:6:   hangedman_lair_caniforms_friends, slime_altar_1,
          minmay_lair_oklob_items
Sewer:    sewer_co_tree

Skill      XL: |  1  2  3  4  5  6  7  8  9 10 11 12 13 14 |
---------------+-------------------------------------------+-----
Axes           | 3 4 5 6 8 9 11 12 13 16 17 19 | 19.3
Dodging        | 2 5 7 9 10 | 10.0
Fighting       | 5 8 9 10 | 10.0
Armour         | 5 8 9 10 | 10.0
Bows           | 2 4 5 7 8 9 |  9.0
Evocations     | 2 3 4 5 6 |  6.3
Unarmed Combat | 1 |  1.1
Shields        | |  3.6

Action                   |  1- 3 |  4- 6 |  7- 9 | 10-12 | 13-15 || total
-------------------------+-------+-------+-------+-------+-------++-------
Melee: War axe           |    51 |   106 |   264 |   487 |   277 ||  1185
       Headbutt          |     6 |    25 |    48 |   132 |    86 ||   297
       Morningstar       |       |       |       |     7 |     6 ||    13
       Punch             |       |       |       |     2 |     2 ||     4
 Fire: Shortbow          |       |       |    22 |   139 |   133 ||   294
Evoke: Wand              |       |       |    27 |    47 |     7 ||    81
  Use: Scroll            |     6 |     8 |     7 |     7 |     9 ||    37
       Potion            |       |     2 |     6 |     2 |     1 ||    11
 Stab: Fleeing           |       |       |       |       |     1 ||     1
  Eat: Chunk             |       |     4 |     6 |    15 |     6 ||    31
       Ration            |       |     1 |     3 |     2 |     1 ||     7
Armor: Scale mail        |    26 |    31 |    50 |       |       ||   107
       Chain mail        |       |       |    45 |    21 |       ||    66
       Plate armour      |       |       |       |   174 |   143 ||   317
Dodge: Dodged            |    37 |    42 |    95 |   169 |   122 ||   465
Block: Other             |       |    13 |    54 |    73 |    51 ||   191
       Reflection        |       |       |     6 |     3 |       ||     9

Table legend:
 A = Spawn XP
 B = Non-spawn XP
 C = Spawn XP percentage of total XP
 D = Spawn monster count
 E = Non-spawn monster count
 F = Spawn count percentage of total count
 G = Total turns spent on level
                    A         B        C        D         E        F      G
               +---------+---------+-------+---------+---------+-------+---------
         Total |       0 |   69082 |   0.0 |       0 |     438 |   0.0 | 18081
               +---------+---------+-------+---------+---------+-------+---------
           D:1 |       0 |      57 |   0.0 |       0 |      24 |   0.0 |   909
           D:2 |       0 |     158 |   0.0 |       0 |      22 |   0.0 |  1084
           D:3 |       0 |     371 |   0.0 |       0 |      19 |   0.0 |   813
           D:4 |       0 |     437 |   0.0 |       0 |      12 |   0.0 |  1291
           D:5 |       0 |     170 |   0.0 |       0 |      13 |   0.0 |   939
           D:6 |       0 |    1141 |   0.0 |       0 |      21 |   0.0 |  1066
           D:7 |       0 |    1050 |   0.0 |       0 |      26 |   0.0 |   713
           D:8 |       0 |    2744 |   0.0 |       0 |      37 |   0.0 |  1386
           D:9 |       0 |    3810 |   0.0 |       0 |      22 |   0.0 |   942
        Lair:1 |       0 |    2015 |   0.0 |       0 |      12 |   0.0 |   780
        Lair:2 |       0 |   11453 |   0.0 |       0 |      43 |   0.0 |  1992
        Lair:3 |       0 |    7073 |   0.0 |       0 |      31 |   0.0 |  1355
        Lair:4 |       0 |   13686 |   0.0 |       0 |      39 |   0.0 |  1737
        Lair:5 |       0 |   15381 |   0.0 |       0 |      43 |   0.0 |  1313
        Lair:6 |       0 |    9189 |   0.0 |       0 |      46 |   0.0 |   734
         Sewer |       0 |     347 |   0.0 |       0 |      28 |   0.0 |   820
               +---------+---------+-------+---------+---------+-------+---------
